 Dungeon Sprint DCSS version 0.26.0-57-g60708a5e39 (webtiles) character file.

Game seed: 6703822712918238857

87 Groucho the Shield-Bearer (level 4, -7/45 HPs)
             Began as a Deep Dwarf Fighter on Feb 1, 2021.
             Mangled by a human (8 damage)
             ... in the Dungeon (Sprint III: "The Ten Rune Challenge").
             The game lasted 00:01:46 (862 turns).

Groucho the Shield-Bearer (Deep Dwarf Fighter)       Turns: 862, Time: 00:01:46

Health: -7/45      AC:  7    Str: 20    XL:     4   Next: 28%
Magic:  4/4        EV:  7    Int:  9    God:
Gold:   31         SH: 10    Dex: 12    Spells: 3/3 levels left

rFire    . . .     SeeInvis .   a - +0 war axe
rCold    . . .     Faith    .   c - +0 kite shield
rNeg     . . .     Spirit   .   b - +0 scale mail
rPois    .         Reflect  .   (no helmet)
rElec    .         Harm     .   (no cloak)
rCorr    .         Rampage  .   (no gloves)
Will     .....     NoTele   +   (no boots)
Stlth    ..........             (no amulet)
HPRegen  0.00/turn              (no ring)
MPRegen  0.09/turn              (no ring)

@: non-regenerating
A: damage resistance, heal wounds, sense surroundings 1, no regeneration
a: Heal Wounds


You were in the Dungeon.
You visited 1 branch You collected 31 gold pieces.

Inventory:

Hand Weapons
 a - a +0 war axe (weapon)
Armour
 b - a +0 scale mail (worn)
 c - a +0 kite shield (worn)
Scrolls
 f - 2 scrolls of torment {unknown}
 j - a scroll of blinking
 k - 3 scrolls of identify
 l - a scroll of fear {unknown}
 m - a scroll of enchant armour {unknown}
Potions
 d - a potion of might
 e - a potion of curing
 g - 3 potions of haste
 h - 2 potions of magic
 n - 2 potions of flight
 o - 5 potions of mutation


   Skills:
 + Level 4.7 Fighting
 + Level 5.0 Axes
 + Level 5.6 Armour
 + Level 5.6 Shields


You had 3 spell levels left.
You didn't know any spells.
Your spell library was empty.

Dungeon Overview and Level Annotations

Branches:
Dungeon (1/1)

Altars:
Okawaru
Trog
Uskayaw
Wu Jian
Beogh


Innate Abilities, Weirdness & Mutations

You are resistant to damage.
You can heal yourself by infusing magical energy.
You passively map a small area around you.
You do not regenerate.


Message History

You barely miss the human.
The human is almost dead.
You closely miss the human. The human barely misses you.
The human closely misses you.
You barely miss the human.
The human is almost dead.
You hit the human.
The human hits you with a cursed +0 spear!
* * * LOW HITPOINT WARNING * * *
The human hits you with a cursed +0 spear.
* * * LOW HITPOINT WARNING * * *
You block the human's attack. The human barely misses you.
You closely miss the human.
The human is severely wounded.
You barely miss the human. You block the human's attack.
The human barely misses you.
You hit the human.
The human is almost dead.
You slash the human! You block the human's attack. The human hits you!
You die...

▓ ▓▓▓ ** * #### ##.# *
##### , ...#####..#
#__p# * ....#..#..#,
#_@p#,_ , ,
#...#..#..###+#'###+##
##..##'#..#..........#,
##..###...'.⌠........#
#..####...#...######+#
, #..###....#.⌠.# *
...##.....#...# * , *
...#......#+### _ ,
.##.#.....#, *, ,+ *, ,


You could see 2 humans.

Vanquished Creatures
  A water elemental (D)
  A human (D)
  A phantom (D)
  4 rats (D)
7 creatures vanquished.

Vanquished Creatures (others)
  A hydra (D)
  7 plants (D)
8 creatures vanquished.

Grand Total: 15 creatures vanquished

Notes
Turn   | Place    | Note
-------+----------+-------------------------------------------
     0 | D        | Groucho the Deep Dwarf Fighter began the quest for the Orb.
     0 | D        | Reached XP level 1. HP: 20/20 MP: 1/1
   343 | D        | Reached XP level 2. HP: 28/28 MP: 2/2
   493 | D        | Killed a five-headed hydra
   577 | D        | Noticed a water elemental
   584 | D        | Killed a water elemental
   585 | D        | Reached skill level 5 in Axes
   585 | D        | Reached skill level 5 in Armour
   585 | D        | Reached skill level 5 in Shields
   585 | D        | Reached XP level 3. HP: 34/37 MP: 3/3
   585 | D        | Reached XP level 4. HP: 42/45 MP: 4/4
   851 | D        | Found a hide-covered altar of Uskayaw.
   851 | D        | Found an iron altar of Okawaru.
   852 | D        | Found a roughly hewn altar of Beogh.
   852 | D        | Found a bloodstained altar of Trog.
   852 | D        | Found an ornate altar of the Wu Jian Council.
   852 | D        | Noticed a human
   852 | D        | Noticed a human
   860 | D        | HP: 1/45 [human/cursed +0 spear (4)]
   862 | D        | Mangled by a human

Illustrated notes

Levels and vault maps discovered:
D:        dungeon_sprint_mu [sprint_mu_entry_cave, sprint_mu_temple_rooms,
          sprint_mu_d1_spiders, sprint_mu_d2_genie, sprint_mu_d3_branching,
          sprint_mu_orc_legion, sprint_mu_elf_gauntlet, sprint_mu_hive_nellie,
          sprint_mu_lair_fedhas, sprint_mu_vaults_butterflies,
          sprint_mu_slime_circle, sprint_mu_swamp_cave, sprint_mu_shoals_kraken,
          sprint_mu_blade_basic, sprint_mu_crypt_fortress,
          sprint_mu_tomb_spiral, sprint_mu_vestibule_basic,
          sprint_mu_gehenna_hellfire, sprint_mu_dis_giant,
          sprint_mu_tartarus_statrot, sprint_mu_cocytus_islands, sprint_mu_zot1]

Skill      XL: |  1  2 |
---------------+-------+-----
Fighting       | 3 4 |  4.7
Axes           | 3 5 |  5.0
Armour         | 4 5 |  5.6
Shields        | 4 5 |  5.6

Action                   |  1- 3 |  4- 6 || total
-------------------------+-------+-------++-------
Melee: War axe           |    35 |     9 ||    44
  Use: Potion            |     2 |       ||     2
Armor: Scale mail        |     4 |     2 ||     6
Dodge: Dodged            |     7 |     6 ||    13
Block: Kite shield       |    21 |    11 ||    32
